cohdb
Replays
Latest Replays
All Replays
Popular Replays
Top Player Replays
Match Explorer
How It Works
Community
CoH3 Stats
Reddit
Sign in to upload your games and track your stats! →
Sign in with Steam
Match 47344691
Unlisted
Match 47344691
Overview
Messages
Build Orders
End
Construct Barracks
Selects Armored Battlegroup
Selects Veteran Crews
Scout Squad
Riflemen Squad
Grenade Package
M1 Mortar Team
Construct Medical Station
Riflemen Squad
Mechanized Support Center
Selects Fast Deploy
Riflemen Squad
Construct Weapon Support Center
Engineer Squad
M1918 Browning Automatic Rifles
M3 Armored Personnel Carrier
Improved M9 Bazooka Rockets
Improvised Armor
M3 Armored Personnel Carrier
Selects M31 Recovery Vehicle
M4A1 76mm Conversion
M31 Recovery Vehicle
MINK IS GOLD
dalidalia
逃之夭夭
吃着西瓜弹棉花
87390382
또또
HappyPunch
INF22REGT
0
0
Comments
sign in to comment!
No comments posted yet!